 Dungeon Crawl Stone Soup version 0.27-a0-1513-g2aaa0cc67b (webtiles) character file.

Game seed: 15415584828726269163

442 blackman the Destroyer (level 6, -13/45 HPs)
             Began as a Draconian Conjurer on July 9, 2021.
             Mangled by an ogre (16 damage)
             ... on level 5 of the Dungeon.
             The game lasted 00:13:33 (16309 turns).

blackman the Destroyer (Draconian Conjurer)        Turns: 16309, Time: 00:13:33

Health: -13/45     AC:  9    Str: -4 (10) XL:     6   Next: 71%
Magic:  3/9        EV:  2    Int: 15 (20) God:
Gold:   212        SH:  0    Dex: -5 (9)  Spells: 6/9 levels left

rFire    . . .     SeeInvis .   q - +1 short sword (elec)
rCold    . . .     Faith    .   (no shield)
rNeg     . . .     Spirit   .   (armour unavailable)
rPois    .         Reflect  .   (helmet restricted)
rElec    .         Harm     .   f - +0 cloak
rCorr    .         Rampage  .   d - +0 pair of gloves
Will     .....                  b - +0 pair of boots
Stlth    ..........             (no amulet)
HPRegen  0.03/turn              (no ring)
MPRegen  0.11/turn              (no ring)

@: slowed, lost strength, lost dexterity, very slow
A: AC +6, unfitting armour, cold-blooded
a: no special abilities


You were on level 5 of the Dungeon.
You visited 1 branch of the dungeon, and saw 5 of its levels.

You collected 212 gold pieces.

Inventory:

Hand Weapons
 e - a +0 dagger
 q - a +1 short sword of electrocution (weapon)
Missiles
 c - 34 poisoned darts
Armour
 b - a +0 pair of boots (worn)
 d - a +0 pair of gloves (worn)
 f - a +0 cloak (worn)
Wands
 l - a wand of paralysis (9)
Scrolls
 g - 2 scrolls of amnesia
 j - 2 scrolls of teleportation
 o - a scroll of identify
Potions
 a - 3 potions of brilliance {unknown}
 h - 2 potions of lignification
 i - a potion of attraction {unknown}
 k - a potion of curing {unknown}
 m - a potion of degeneration {unknown}
 n - 2 potions of flight {unknown}
 p - a potion of heal wounds {unknown}


   Skills:
 - Level 1.8 Dodging
 - Level 1.8 Stealth
 - Level 2.0 Spellcasting
 * Level 8.1 Conjurations


You had 6 spell levels left.
You knew the following spells:

 Your Spells              Type           Power      Damage    Failure   Level
a - Magic Dart            Conj           100%       1d8       1%          1
b - Searing Ray           Conj           50%        3d5       1%          2

Your spell library contained the following spells:

 Spells                   Type           Power      Damage    Failure   Level
 Dazzling Flash           Conj/Hex       26%        N/A       13%         3
 Sting                    Tmut/Pois      4%         1d3       22%         1
 Mephitic Cloud           Conj/Pois/Air  9%         N/A       22%         3
 Call Imp                 Summ           1%         N/A       32%         2
 Ensorcelled Hibernation  Hex/Ice        2%         N/A       32%         2
 Poisonous Vapours        Pois/Air       2%         N/A       32%         2
 Fulminant Prism          Conj/Hex       6%         3d7       38%         4
 Iskenderun's Mystic Bla  Conj/Tloc      13%        2d5       38%         4
 Spider Form              Tmut/Pois      0%         N/A       54%         3
 Olgreb's Toxic Radiance  Pois           1%         N/A       91%         4
 Shadow Creatures         Summ           N/A        N/A       100%        6


Dungeon Overview and Level Annotations

Branches:
Dungeon (5/15)
 Temple: D:4-7

Altars:
Cheibriados
Trog
Yredelemnul


Innate Abilities, Weirdness & Mutations

Your plain brown scales are hard. (AC +6)
You cannot fit into any form of body armour.
You are cold-blooded and may be slowed by cold attacks.


Message History

You open the door. You open the door.
There is an open door here.
An ogre comes into view. It is wielding a +0 giant spiked club.
The ogre shouts!
Casting: Searing Ray (safe; 1% risk of failure)
Confirm with . or Enter, or press ? or * to list all spells.
Aiming: Magic Dart (safe; 1% risk of failure)
Press: ? - help, Shift-Dir - straight line, f - ogre
Aim: an ogre, wielding a +0 giant spiked club (100% to hit)
The magic dart hits the ogre.
The ogre is lightly wounded.
Casting: Magic Dart (safe; 1% risk of failure)
Confirm with . or Enter, or press ? or * to list all spells.
Aiming: Magic Dart (safe; 1% risk of failure)
Press: ? - help, Shift-Dir - straight line, f/p - ogre
Aim: an ogre, wielding a +0 giant spiked club (lightly wounded, 100% to hit)
The magic dart hits the ogre.
The ogre is moderately wounded.
Casting: Magic Dart (safe; 1% risk of failure)
Confirm with . or Enter, or press ? or * to list all spells.
Aiming: Searing Ray (safe; 1% risk of failure)
Press: ? - help, Shift-Dir - straight line, f/p - ogre
Aim: an ogre, wielding a +0 giant spiked club (moderately wounded, 90% to hit)
The searing ray hits the ogre!
The ogre is heavily wounded. (Press . to maintain the ray.)
The searing ray hits the ogre!
The ogre is almost dead.
The ogre hits you with a +0 giant spiked club!!
Ouch! That really hurt!
The searing ray misses the ogre.
The ogre hits you with a +0 giant spiked club.
* * * LOW HITPOINT WARNING * * *
The searing ray misses the ogre.
You finish channeling your searing ray.
The ogre barely misses you.
A necrophage opens the door.
The ogre hits you with a +0 giant spiked club!
* * * LOW HITPOINT WARNING * * *
The ogre hits you with a +0 giant spiked club!
You die...

#.#
####.################
#..........##.....##.
#..........##........
#..........'.........
#..........#####.....
#..........# #.....
####'##'#### #####.
#@##.# #.
......O.##.# ##
........##+#
......... .........
.......... #n#####...
#. #....


You could see an ogre and a necrophage.

Vanquished Creatures
  A water moccasin skeleton (D:4)
  A hound (D:4)
  A gnoll shaman (D:4)
  2 orc priests (D:4)
  2 iguanas
  An orc wizard (D:4)
  4 gnolls
  7 adders
  A worm (D:3)
  3 dart slugs
  8 orcs
  A bat (D:2)
  7 endoplasms
  4 giant cockroaches (D:1)
  6 hobgoblins
  7 jackals
  2 quokkas
  6 ball pythons
  5 frilled lizards
  8 goblins
  7 kobolds
  A rat (D:1)
85 creatures vanquished.

Vanquished Creatures (others)
  10 plants
10 creatures vanquished.

Grand Total: 95 creatures vanquished

Notes
Turn   | Place    | Note
-------+----------+-------------------------------------------
     0 | D:1      | blackman the Draconian Conjurer began the quest for the
                  | Orb.
     0 | D:1      | Reached XP level 1. HP: 14/14 MP: 3/3
   454 | D:1      | Reached XP level 2. HP: 20/20 MP: 0/5
   992 | D:1      | Reached skill level 5 in Conjurations
   992 | D:1      | Reached XP level 3. HP: 26/26 MP: 1/6
  1356 | D:1      | Learned a level 2 spell: Searing Ray
  1584 | D:2      | Found a faded altar of an unknown god.
  1668 | D:2      | Became a worshipper of Cheibriados the Contemplative
  1668 | D:2      | Reached * piety under Cheibriados
  1670 | D:2      | Fell from the grace of Cheibriados
  2460 | D:3      | Reached XP level 4. HP: 33/33 MP: 2/7
  2780 | D:3      | Found a basalt altar of Yredelemnul.
  3390 | D:3      | Found a snail-covered altar of Cheibriados.
  3551 | D:4      | Reached skill level 6 in Conjurations
  3700 | D:4      | Lost strength.
  3852 | D:4      | Reached XP level 5. HP: 3/38 MP: 0/8
  4113 | D:4      | Lost dexterity.
  4970 | D:4      | Was forgiven by Cheibriados
  5950 | D:4      | Reached skill level 7 in Conjurations
  6552 | D:4      | Reached XP level 6. HP: 44/45 MP: 5/9
  7461 | D:4      | Found a bloodstained altar of Trog.
  7633 | D:4      | Reached skill level 8 in Conjurations
 16240 | D:4      | Glimpsed the power of Zot.
 16242 | D:5      | Entered Level 5 of the Dungeon
 16309 | D:5      | Mangled by an ogre

Illustrated notes

Levels and vault maps discovered:
D:1:      psy_arrival_spokes, layout_loops_corners, serial_bayou_lagoon_a
D:2:      layout_basic, shapermc_ecumenical_altar_mp_vishouse
D:3:      layout_basic, yredelemnul_altar_generic, mainiacjoe_overflow_24_doors,
          grunt_decor_one_mirror
D:4:      layout_basic, mainiacjoe_overflow_boulevard
D:5:      layout_basic, minmay_temple_entry_drinking_statues,
          kennysheep_generic_room_9

Skill      XL: |  1  2  3  4  5  6 |
---------------+-------------------+-----
Conjurations   | 5 6 7 8 |  8.1
Dodging        | |  1.8
Stealth        | |  1.8
Spellcasting   | |  2.0

Action                   |  1- 3 |  4- 6 || total
-------------------------+-------+-------++-------
Melee: Unarmed           |    24 |       ||    24
       Tailslap          |     8 |       ||     8
       Dagger            |    49 |    15 ||    64
       Short sword       |       |     1 ||     1
 Cast: Magic Dart        |    67 |    33 ||   100
       Searing Ray       |     2 |    32 ||    34
Invok: Renounce Religion |     1 |       ||     1
  Use: Scroll            |       |     3 ||     3
Armor: Skin              |    31 |    67 ||    98
Dodge: Dodged            |    61 |    23 ||    84

Table legend: (Time is in decaauts)
 A = Elapsed time spent in this place.
 B = Non-inter-level travel time spent in this place.
 C = Inter-level travel time spent in this place.
 D = Time resting spent in this place.
 E = Time spent auto-exploring this place.
 F = Levels seen in this place.
 G = Mean time per level.
                   A        B        C        D        E       F      G
               +--------+--------+--------+--------+--------+-----+--------+
         Total |  23102 |  22953 |    149 |  16978 |   5209 |   5 | 4620.4 |
       Dungeon |  23102 |  22953 |    149 |  16978 |   5209 |   5 | 4620.4 |
               +--------+--------+--------+--------+--------+-----+--------+

Top non-repeatable levels by time:
     D:4: 19051 daAuts
     D:1: 1469 daAuts
     D:3: 1400 daAuts
     D:2: 1080 daAuts
     D:5: 100 daAuts
